 Dungeon Crawl Stone Soup version 0.26.1-11-gd32895ea62 (webtiles) character file.

Game seed: 7449499595079740839

14228 buriedalive the Protected (level 11, -2/96 HPs)
             Began as a Minotaur Fighter on June 18, 2021.
             Was a High Priest of Makhleb.
             Slain by a wraith (10 damage)
             ... led by Josephine
             ... on level 12 of the Dungeon.
             The game lasted 00:17:43 (11185 turns).

buriedalive the Protected (Minotaur Fighter)       Turns: 11185, Time: 00:17:43

Health: -2/96      AC: 19    Str: 24    XL:     11   Next: 86%
Magic:  14/14      EV:  8    Int:  8    God:    Makhleb [*****.]
Gold:   604        SH: 10    Dex: 18    Spells: 10/10 levels left

rFire    . . .     SeeInvis +   G - +3 rapier "Irepnuar" {vorpal, *Contam rPois Int+3 Dex+2}
rCold    . . .     Faith    .   c - +0 kite shield
rNeg     . . .     Spirit   .   E - +5 ring mail "Myep" {+Inv Stlth+}
rPois    +         Reflect  .   (helmet restricted)
rElec    .         Harm     .   a - +1 cloak
rCorr    .         Rampage  .   (no gloves)
Will     .....                  F - +0 pair of boots
Stlth    ++........             (no amulet)
HPRegen  0.00/turn              r - +6 ring of dexterity
MPRegen  0.14/turn              f - ring of see invisible

@: slowed, very slow
A: retaliatory headbutt, horns 2, molten scales 1, frail 1, inhibited
regeneration
a: Renounce Religion, Evoke Invisibility, Minor Destruction, Lesser Servant of
Makhleb, Major Destruction, Greater Servant of Makhleb


You were on level 12 of the Dungeon.
You worshipped Makhleb.
Makhleb was extremely pleased with you.
You visited 2 branches of the dungeon, and saw 13 of its levels.

You collected 604 gold pieces.

Inventory:

Hand Weapons
 A - a +2 flail of protection
 G - the +3 rapier "Irepnuar" (weapon) {vorpal, *Contam rPois Int+3 Dex+2}
   (You found it on level 6 of the Dungeon)

   It inflicts extra damage upon your enemies.
   It affects your intelligence (+3).
   It affects your dexterity (+2).
   It protects you from poison.
   It causes magical contamination when unequipped.
Missiles
 l - 299 arrows
 u - 4 atropa-tipped darts (quivered)
 y - 55 poisoned darts
 D - 10 boomerangs
 I - 80 bolts
 J - a throwing net
Armour
 a - a +1 cloak (worn)
 c - a +0 kite shield (worn)
 d - a +0 plate armour
 E - the +5 ring mail "Myep" (worn) {+Inv Stlth+}
   (You found it on level 11 of the Dungeon)

   It lets you turn invisible.
   It makes you more stealthy.
 F - a +0 pair of boots (worn)
Jewellery
 f - a ring of see invisible (right hand)
 q - a +4 ring of protection
 r - a +6 ring of dexterity (left hand)
 C - an uncursed ring of positive energy {unknown}
Wands
 b - a wand of iceblast (20)
 m - a wand of random effects (6)
 n - a wand of digging (9)
 t - a wand of paralysis (12)
Scrolls
 e - a scroll of immolation
 i - 4 scrolls of fear
 o - 3 scrolls of fog
 p - 7 scrolls of remove curse
 s - a scroll of enchant weapon
 x - 2 scrolls of teleportation
 z - 2 scrolls of amnesia
Potions
 g - 2 potions of invisibility
 h - 2 potions of heal wounds
 j - 6 potions of curing
 k - 2 potions of flight
 w - 2 potions of cancellation
 B - 2 potions of haste
 K - 2 potions of resistance
Miscellaneous
 v - a tin of tremorstones (2/2)


   Skills:
 + Level 13.3 Fighting
 - Level 11.3 Maces & Flails
 + Level 13.4 Armour
 - Level 3.6 Shields
 + Level 6.0 Invocations


You had 10 spell levels left.
You didn't know any spells.
Your spell library contained the following spells:

 Spells                   Type           Power        Failure   Level
 Animate Skeleton         Necr           0%           95%         1
 Pain                     Necr           0%           95%         1
 Vampiric Draining        Necr           0%           100%        3
 Animate Dead             Necr           0%           100%        4
 Agony                    Necr           0%           100%        5


Dungeon Overview and Level Annotations

Branches:
Dungeon (12/15)            Temple (1/1) D:4            Lair (0/6) D:11
    Orc (0/2) D:9

Altars:
Ashenzari
Cheibriados
Dithmenos
Elyvilon
Fedhas
Gozag
Hepliaklqana
Kikubaaqudgha
Makhleb
Nemelex Xobeh
Okawaru
Qazlal
Ru
Sif Muna
Trog
Vehumet
Wu Jian
Xom
Yredelemnul
Zin
The Shining One

Shops:
D:4 }


Innate Abilities, Weirdness & Mutations

You reflexively headbutt those who attack you in melee.
You have a pair of horns on your head.
You are partially covered in molten scales. (AC +2)
You are frail. (-10% HP)
You do not regenerate when monsters are visible.


Message History

The wraith hits you but does no damage. x2
Unknown command.
You hit the wraith.
The wraith is severely damaged.
The wraith completely misses you. The wraith hits you but does no damage.
Unknown command.
You hit the wraith. You headbutt the wraith!
The wraith is almost destroyed.
You block the wraith's attack. The wraith hits you but does no damage.
Unknown command.
You hit the wraith.
The wraith is almost destroyed.
The wraith hits you!
* * * LOW HITPOINT WARNING * * *
The wraith hits you but does no damage.
Unknown command.
You hit the wraith but do no damage.
The wraith is almost destroyed.
You block the wraith's attack. The wraith hits you!
You die...

#.......[...#.#
#...........#.#
#...........#.#
#...........'<#
#........[..###
########'#### ##
#......# ...
#.###### ....## #@#
....#######W#######
#...#.W.WW.......
#)#...........[
#.'............
###............
######+######


You could see 3 wraiths.

Vanquished Creatures
  Josephine (D:12)
  Harold (D:8)
  Erolcha (D:8)
  Erica (D:9)
  A two-headed ogre (D:11)
  An ugly thing (D:11)
  A wolf spider zombie (D:11)
  2 trolls
  Sigmund (D:2)
  13 yaks
  4 wraiths
  Eustachio (D:6)
  3 wyverns
  Grum (D:8)
  3 basilisks (D:11)
  2 humans (D:8)
  Edmund (D:4)
  2 soldier ants
  4 water moccasins (D:11)
  A hornet zombie (D:10)
  A sky beast (D:7)
  2 orc warriors
  An eye of draining (D:11)
  An ice beast (D:8)
  8 centaurs
  2 wolves (D:8)
  2 ogres
  Blork the orc (D:6)
  2 gnoll sergeants
  6 bullfrogs
  A wyvern skeleton (D:9)
  4 scorpions
  4 wights (D:6)
  3 killer bees (D:10)
  2 howler monkeys
  2 bullfrog zombies
  8 orc priests
  Crazy Yiuf (D:7)
  A jelly (D:7)
  A gnoll shaman (D:8)
  4 hounds
  A bullfrog skeleton (D:5)
  3 centaur skeletons
  6 iguanas
  Natasha (thrice) (D:3)
  13 worker ants
  14 orc wizards
  A hound zombie (D:5)
  A hound skeleton (D:6)
  A worker ant zombie (D:11)
  13 gnolls
  18 adders
  A howler monkey skeleton (D:9)
  2 shadow imps
  4 white imps
  An ufetubus (D:10)
  3 oozes
  An adder skeleton (D:4)
  3 worms
  2 dart slugs
  3 leopard geckos
  28 orcs
  6 giant cockroaches
  6 goblins
  4 hobgoblins
  11 jackals
  2 quokkas (D:7)
  2 ball pythons
  7 bats
  3 frilled lizards
  7 kobolds
  2 leopard gecko zombies
  A quokka skeleton (D:6)
  10 rats
285 creatures vanquished.

Vanquished Creatures (others)
  An unseen horror (D:11)
  A fungus (D:11)
  9 plants (D:11)
11 creatures vanquished.

Grand Total: 296 creatures vanquished

Notes
Turn   | Place    | Note
-------+----------+-------------------------------------------
     0 | D:1      | buriedalive the Minotaur Fighter began the quest for the
                  | Orb.
     0 | D:1      | Reached XP level 1. HP: 19/19 MP: 0/0
   129 | D:1      | Reached XP level 2. HP: 27/27 MP: 1/1
   642 | D:2      | Reached XP level 3. HP: 29/33 MP: 2/2
  1129 | D:2      | Noticed Sigmund
  1139 | D:2      | Killed Sigmund
  1140 | D:2      | Reached skill level 5 in Fighting
  1140 | D:2      | Reached skill level 5 in Armour
  1140 | D:2      | Reached XP level 4. HP: 32/42 MP: 3/3
  1140 | D:2      | Reached XP level 5. HP: 36/48 MP: 4/4
  1402 | D:3      | Found a shadowy altar of Dithmenos.
  1603 | D:3      | Noticed Natasha
  1612 | D:3      | Killed Natasha
  1679 | D:3      | Noticed Natasha
  1687 | D:3      | Killed Natasha
  1688 | D:3      | Reached XP level 6. HP: 56/56 MP: 5/5
  1707 | D:3      | Noticed Natasha
  1712 | D:3      | Killed Natasha
  1713 | D:3      | Reached skill level 5 in Maces & Flails
  2216 | D:4      | Found Yllonunt's Gadget Boutique.
  2510 | D:4      | Found a staircase to the Ecumenical Temple.
  2514 | D:4      | Noticed Edmund
  2523 | D:4      | Killed Edmund
  2532 | Temple   | Entered the Ecumenical Temple
  2603 | Temple   | Became a worshipper of Makhleb the Destroyer
  2927 | D:5      | Entered Level 5 of the Dungeon
  2949 | D:5      | Reached XP level 7. HP: 63/63 MP: 6/6
  3654 | D:5      | Reached * piety under Makhleb
  3897 | D:5      | Reached XP level 8. HP: 72/73 MP: 7/7
  4472 | D:6      | Noticed Eustachio
  4490 | D:6      | Killed Eustachio
  4562 | D:6      | Got a masterwork rapier
  4563 | D:6      | Identified the +3 rapier "Irepnuar" {vorpal, *Contam rPois
                  | Int+3 Dex+2} (You found it on level 6 of the Dungeon)
  4896 | D:6      | Noticed Blork the orc
  4897 | D:6      | Reached ** piety under Makhleb
  4907 | D:6      | Killed Blork the orc
  5164 | D:7      | Reached XP level 9. HP: 67/82 MP: 8/8
  6139 | D:7      | Reached *** piety under Makhleb
  6205 | D:7      | Found a runed translucent door.
  6206 | D:7      | Noticed Crazy Yiuf
  6212 | D:7      | Killed Crazy Yiuf
  6402 | D:8      | Noticed Grum
  6416 | D:8      | Killed Grum
  6470 | D:8      | Found an iron altar of Okawaru.
  6476 | D:8      | Reached skill level 10 in Fighting
  6476 | D:8      | Reached skill level 10 in Armour
  6540 | D:8      | Reached skill level 10 in Maces & Flails
  6760 | D:8      | Found a sacrificial altar of Ru.
  6861 | D:8      | Reached XP level 10. HP: 94/94 MP: 9/9
  7134 | D:8      | Noticed Harold
  7149 | D:8      | Killed Harold
  7156 | D:8      | Reached **** piety under Makhleb
  7367 | D:9      | Noticed Erolcha
  7377 | D:8      | Killed Erolcha
  7449 | D:9      | Found an ancient bone altar of Kikubaaqudgha.
  7458 | D:9      | Found a staircase to the Orcish Mines.
  7579 | D:9      | Found a basalt altar of Yredelemnul.
  7579 | D:9      | Found a white marble altar of Elyvilon.
  7591 | D:9      | Found a radiant altar of Vehumet.
  7593 | D:9      | Found a glowing silver altar of Zin.
  7595 | D:9      | Found a stormy altar of Qazlal.
  7627 | D:9      | Noticed Erica
  7646 | D:9      | Killed Erica
  7937 | D:9      | Found an ornate altar of the Wu Jian Council.
  7937 | D:9      | Found a bloodstained altar of Trog.
  8018 | D:10     | Entered Level 10 of the Dungeon
  8181 | D:10     | Reached skill level 1 in Invocations
  8377 | D:10     | Found a broken altar of Ashenzari.
  9180 | D:11     | Gained mutation: You do not regenerate when monsters are
                  | visible. [potion of mutation]
  9180 | D:11     | Gained mutation: You are frail. (-10% HP) [potion of
                  | mutation]
  9180 | D:11     | Gained mutation: You are partially covered in molten
                  | scales. (AC +2) [potion of mutation]
  9238 | D:11     | Noticed a two-headed ogre
  9243 | D:11     | Reached XP level 11. HP: 93/93 MP: 11/11
  9255 | D:11     | Killed a two-headed ogre
  9583 | D:11     | Noticed a red ugly thing
  9593 | D:11     | Killed a red ugly thing
 10097 | D:11     | Reached ***** piety under Makhleb
 10114 | D:11     | Found a staircase to the Lair.
 10481 | D:11     | Noticed an unseen horror
 10515 | D:11     | Reached skill level 5 in Invocations
 10526 | D:11     | Killed an unseen horror
 10839 | D:11     | Got a dazzling ring mail
 10850 | D:11     | Identified the +5 ring mail "Myep" {+Inv Stlth+} (You found
                  | it on level 11 of the Dungeon)
 11133 | D:12     | Noticed Josephine
 11155 | D:12     | Killed Josephine
 11185 | D:12     | Slain by a wraith

Illustrated notes

Levels and vault maps discovered:
D:1:      dpeg_arrival_shelter, layout_basic, minivault_26
D:2:      layout_rooms, uniq_sigmund
D:3:      layout_loops_cross, lemuel_doored_altar,
          chequers_serial_rivers_micro_d, uniq_natasha
D:4:      layout_loops_ring, minmay_temple_entry_ruins, supply_closet_lemuel,
          kennysheep_windowed_goal, uniq_edmund
D:5:      layout_basic, minmay_misc_feat_tiny, kennysheep_generic_room_2
D:6:      layout_cave_pools, minmay_diced_spiral, uniq_blork_the_orc,
          uniq_eustachio
D:7:      layout_basic, uniq_crazy_yiuf_cottage
D:8:      layout_rooms, okawaru_humans, nicolae_ru_great_annihilating_truth,
          uniq_harold, uniq_grum
D:9:      layout_rooms, overflow_temple_1_default,
          chequers_temple_overflow_minitemple,
          chequers_temple_overflow_statue_of_worship, orc_0_dummy, uniq_erica,
          uniq_erolcha
D:10:     layout_stronghold, basic_altar
D:11:     minmay_spotlight, layout_loops_ring, minmay_lair_entry_grove,
          st_stairs_11
D:12:     layout_roguey, uniq_josephine
Temple:   jpeg_temple_clearing

Skill      XL: |  1  2  3  4  5  6  7  8  9 10 11 |
---------------+----------------------------------+-----
Fighting       | 4 5 6 7 8 10 12 13 | 13.3
Armour         | 4 5 6 7 8 10 12 13 | 13.4
Maces & Flails | 3 4 5 6 8 10 11 | 11.3
Invocations    | 2 6 |  6.0
Shields        | |  3.6

Action                   |  1- 3 |  4- 6 |  7- 9 | 10-12 || total
-------------------------+-------+-------+-------+-------++-------
Melee: Flail             |    99 |    89 |   194 |       ||   382
       Headbutt          |    18 |    18 |    74 |   122 ||   232
       Rapier            |       |       |   227 |   390 ||   617
  Use: Potion            |       |     1 |     7 |     2 ||    10
       Scroll            |       |       |    12 |     7 ||    19
 Stab: Invisible         |       |       |     2 |       ||     2
       Paralysed         |       |       |     1 |       ||     1
Armor: Scale mail        |    15 |       |       |       ||    15
       Chain mail        |    27 |    49 |   218 |       ||   294
       Plate armour      |       |       |    86 |   192 ||   278
       Ring mail         |       |       |       |    51 ||    51
Dodge: Dodged            |    31 |    13 |   116 |    83 ||   243
Block: Kite shield       |    54 |    48 |   256 |   216 ||   574
